 Dungeon Crawl Stone Soup version 0.27.1-2-g3b301248ec (webtiles) character file.

Game seed: 313183270341257124

655 Borgoz the Skirmisher (level 7, 0/44 HPs)
             Began as a Gargoyle Berserker on Sept 26, 2021.
             Was an Elder of Trog.
             Shot with an arrow by a centaur (8 damage)
             ... on level 4 of the Dungeon.
             The game lasted 00:04:28 (3833 turns).

Borgoz the Skirmisher (Gargoyle Berserker)          Turns: 3833, Time: 00:04:28

Health: 0/44       AC: 11    Str: 21    XL:     7   Next: 54%
Magic:  7/7        EV: 12    Int:  7    God:    Trog [****..]
Gold:   116        SH:  0    Dex: 11    Spells: 6/6 levels left

rFire    . . .     SeeInvis .   a - +0 mace
rCold    . . .     Faith    .   (no shield)
rNeg     + . .     Spirit   .   b - +0 animal skin
rPois    ∞         Reflect  .   l - +0 helmet
rElec    +         Harm     .   (no cloak)
rCorr    .         Rampage  .   (no gloves)
Will     ++...                  j - +2 pair of boots
Stlth    +.........             (no amulet)
HPRegen  1.14/turn              (no ring)
MPRegen  0.10/turn              (no ring)

@: strong-willed, regenerating
A: sickness immunity, AC +4, negative energy resistance 1, electricity
resistance, torment resistance 1, petrification resistance
a: Renounce Religion, Berserk, Trog's Hand, Brothers in Arms


You were on level 4 of the Dungeon.
You worshipped Trog.
Trog was greatly pleased with you.
You visited 1 branch of the dungeon, and saw 4 of its levels.
You also visited: Sewer.

You collected 116 gold pieces.

Inventory:

Hand Weapons
 a - a +0 mace (weapon)
 o - a +0 flail
Armour
 b - a +0 animal skin (worn)
 j - a +2 pair of boots (worn)
 l - a +0 helmet (worn)
Scrolls
 c - 3 scrolls of teleportation {unknown}
 e - 2 scrolls of fog {unknown}
 f - a scroll of enchant armour {unknown}
 g - 3 scrolls of identify {unknown}
 m - a scroll of holy word {unknown}
 r - a scroll of magic mapping {unknown}
 s - a scroll of blinking {unknown}
Potions
 d - a potion of degeneration {unknown}
 h - 3 potions of berserk rage {unknown}
 i - 4 potions of haste {unknown}
 k - a potion of flight {unknown}
 n - a potion of lignification {unknown}
 p - a potion of magic {unknown}
 q - a potion of resistance {unknown}
 t - 2 potions of attraction {unknown}


   Skills:
 + Level 5.4 Fighting
 + Level 4.9 Maces & Flails
 + Level 4.8 Armour
 + Level 3.5 Dodging


You had 6 spell levels left.
You didn't know any spells.
Your spell library was empty.

Dungeon Overview and Level Annotations

Branches:
Dungeon (4/15)              Sewer (visited)
 Temple: D:4-7

Altars:
Ashenzari
Makhleb
Yredelemnul


Innate Abilities, Weirdness & Mutations

You are immune to sickness and miasma.
Your stone body is resilient. (AC +4)
You are immune to poison.
You resist negative energy. (rN+)
You are resistant to electric shocks. (rElec)
You are resistant to unholy torment.
You are immune to petrification.


Message History

The iguana is almost dead.
The iguana bites you but does no damage.
You hit the iguana but do no damage.
The iguana is almost dead.
The iguana bites you but does no damage.
The iguana completely misses you.
You hit the iguana.
The iguana is almost dead.
The iguana bites you but does no damage.
You sock the iguana!
You kill the iguana!
Trog accepts your kill.
You start resting.
HP restored.
t - 2 puce potions (gained 1)
A centaur comes into view.
The centaur shouts!
The centaur wields a +0 shortbow.
The centaur shoots an arrow.
The arrow hits you.
The centaur shoots an arrow.
The arrow hits you but does no damage.
A centaur is nearby!
A centaur is nearby!
The centaur shoots an arrow.
The arrow hits you but does no damage.
The centaur shoots an arrow.
The arrow closely misses you.
The centaur shoots an arrow.
The arrow hits you!
The centaur shoots an arrow.
The arrow hits you.
The centaur shoots an arrow.
The arrow hits you but does no damage.
The centaur shoots an arrow.
The arrow hits you!
You see here a scroll labelled PISIFU NACKEA.
You are too injured to fight recklessly!
You are too injured to fight recklessly!
You are too injured to fight recklessly!
The centaur shoots an arrow.
The arrow hits you.
Your skin crawls.
You feel strong-willed.
The centaur shoots an arrow.
The arrow completely misses you.
The centaur shoots an arrow.
The arrow hits you!
* * * LOW HITPOINT WARNING * * *
The centaur shoots an arrow.
The arrow hits you!
You die...

......†..........#
....#...........# .#
##...).>.....#
...#.....).....#
#........).....####
####..............##
.#.#.........<.....#
......#?......##...#
#......@.#......
....
#....#...##......
.##
#....#.c......#...
.............#####
............... .
##..#.......
##.#....... ..
#......


You could see a centaur.

Vanquished Creatures
  Sigmund (D:2)
  A necrophage (D:3)
  The ghost of diana the Ducker, a weakling DjGl (D:3)
  Jessica (D:2)
  An iguana (D:4)
  Natasha (twice) (D:2)
  Robin (D:2)
  7 gnolls
  6 adders
  2 dart slugs
  4 worms
  6 orcs (D:3)
  12 ball pythons
  8 endoplasms
  8 giant cockroaches
  14 goblins
  8 hobgoblins
  8 jackals (D:2)
  2 quokkas
  6 bats
  7 frilled lizards
  9 kobolds
  7 rats
122 creatures vanquished.

Vanquished Creatures (others)
  A plant (D:3)
1 creature vanquished.

Grand Total: 123 creatures vanquished

Notes
Turn   | Place    | Note
-------+----------+-------------------------------------------
     0 | D:1      | Borgoz the Gargoyle Berserker began the quest for the Orb.
     0 | D:1      | Reached XP level 1. HP: 14/14 MP: 1/1
   200 | D:1      | Reached XP level 2. HP: 14/19 MP: 2/2
   704 | D:1      | Found a faded altar of an unknown god.
   754 | D:1      | Reached XP level 3. HP: 21/23 MP: 3/3
   757 | D:1      | Reached ** piety under Trog
  1317 | D:2      | Noticed Natasha
  1334 | D:2      | Killed Natasha
  1335 | D:2      | Reached XP level 4. HP: 29/29 MP: 4/4
  1346 | D:2      | Reached skill level 4 in Fighting
  1364 | D:2      | Noticed Natasha
  1374 | D:2      | Killed Natasha
  1430 | D:2      | Reached XP level 5. HP: 24/33 MP: 5/5
  1519 | D:2      | Noticed Robin
  1540 | D:2      | Killed Robin
  1540 | D:2      | Reached *** piety under Trog
  1626 | D:2      | Noticed Jessica
  1634 | D:2      | Killed Jessica
  2142 | D:2      | Noticed Sigmund
  2155 | D:2      | Killed Sigmund
  2156 | D:2      | Reached XP level 6. HP: 40/40 MP: 6/6
  2296 | D:3      | Found a runed translucent gate.
  2296 | D:3      | Found a runed translucent gate.
  2296 | D:3      | Found a runed translucent gate.
  2298 | D:3      | Noticed diana's ghost (weakling DjGl)
  2298 | D:3      | Noticed a necrophage
  2326 | D:3      | Found a broken altar of Ashenzari.
  2449 | D:3      | Reached skill level 5 in Fighting
  2501 | D:3      | Found a glowing drain.
  2548 | Sewer    | Entered a sewer
  2858 | Sewer    | Reached XP level 7. HP: 44/44 MP: 7/7
  3017 | D:3      | Found a basalt altar of Yredelemnul.
  3105 | D:3      | Reached **** piety under Trog
  3238 | D:3      | Found a burning altar of Makhleb.
  3521 | D:3      | Killed diana's ghost
  3833 | D:4      | Shot with an arrow by a centaur

Illustrated notes

Levels and vault maps discovered:
D:1:      minmay_arrival_split_and_join, layout_basic,
          hellmonk_ecumenical_altar_slurped_away
D:2:      layout_basic, chequers_serial_rivers_micro_c, grunt_ministairs_5,
          minmay_heptomino_o4, uniq_jessica, uniq_sigmund, uniq_robin,
          uniq_natasha
D:3:      layout_loops_ring, mainiacjoe_overflow_boulevard,
          mainiacjoe_overflow_small_starburst, yredelemnul_altar_generic,
          cheibrodos_sewer_entry_sluice, gammafunk_ghost_split
D:4:      layout_cave_pools, ebering_ghost_reflecting_pool, minivault_19

Skill      XL: |  1  2  3  4  5  6 |
---------------+-------------------+-----
Dodging        | 2 3 |  3.5
Armour         | 3 4 |  4.8
Fighting       | 4 5 |  5.4
Maces & Flails | 4 |  4.9

Action                   |  1- 3 |  4- 6 |  7- 9 || total
-------------------------+-------+-------+-------++-------
Melee: Mace              |    92 |   224 |    93 ||   409
Invok: Berserk           |     3 |     3 |     2 ||     8
       Trog's Hand       |       |     2 |     1 ||     3
Armor: Animal skin       |    41 |   110 |    40 ||   191
Dodge: Dodged            |    60 |   165 |    61 ||   286
